 Dungeon Crawl Stone Soup version 0.27-a0-887-gcab673c142 (webtiles) character file.

Game seed: 9766219726718643382

23 CovertPenguin the Ruffian (level 2, -2/27 HPs)
             Began as an Ogre Transmuter on Apr 4, 2021.
             Slain by an iguana (6 damage)
             ... on level 2 of the Dungeon.
             The game lasted 00:01:50 (1076 turns).

CovertPenguin the Ruffian (Ogre Transmuter)         Turns: 1076, Time: 00:01:50

Health: -2/27      AC:  3    Str: 13    XL:     2   Next: 95%
Magic:  4/5        EV:  9    Int: 14    God:
Gold:   166        SH:  0    Dex:  9    Spells: 4/5 levels left

rFire    . . .     SeeInvis .     - Unarmed
rCold    . . .     Faith    .   (no shield)
rNeg     . . .     Spirit   .   a - +0 robe
rPois    .         Reflect  .   (helmet currently unavailable)
rElec    .         Harm     .   (no cloak)
rCorr    .         Rampage  .   (gloves unavailable)
Will     .....                  (boots unavailable)
Stlth    +.........             (no amulet)
HPRegen  0.09/turn              (no ring)
MPRegen  0.09/turn              (no ring)

@: appendages (expiring)
A: horns 2, talons 2, large, unfitting armour, tough skin 1
a: End Transformation


You were on level 2 of the Dungeon.
You had temporarily grown beastly horns and talons.
You visited 1 branch of the dungeon, and saw 2 of its levels.

You collected 166 gold pieces.

Inventory:

Missiles
 g - 17 poisoned darts
Armour
 a - a +0 robe (worn)
Scrolls
 b - a scroll of immolation {unknown}
 c - a scroll of teleportation {unknown}
 d - a scroll of noise {unknown}
 e - a scroll of identify {unknown}
Potions
 f - a potion of haste {unknown}


   Skills:
 - Level 1.3 Fighting
 - Level 1.7 Dodging
 * Level 3.4 Unarmed Combat
 - Level 2.4 Spellcasting
 + Level 2.2 Transmutations


You had 4 spell levels left.
You knew the following spells:

 Your Spells              Type           Power      Damage    Failure   Level
a - Beastly Appendage     Tmut           14%        N/A       9%          1

Your spell library contained the following spells:

 Spells                   Type           Power      Damage    Failure   Level
 Wereblood                Tmut           7%         N/A       14%         2
 Spider Form              Tmut/Pois      2%         N/A       41%         3
 Ice Form                 Ice/Tmut       4%         N/A       82%         4
 Hydra Form               Tmut           3%         N/A       94%         5


Dungeon Overview and Level Annotations

Branches:
Dungeon (2/15)

Altars:
Vehumet


Innate Abilities, Weirdness & Mutations

You have temporarily grown beastly horns and talons.
You are too large for most types of armour.
You have tough skin. (AC +1)


Message History

Found 17 poisoned darts.
Found 13 gold pieces.
You now have 153 gold pieces (gained 3).
You now have 166 gold pieces (gained 13).
There is a stone staircase leading down here.
Found 24 stones.
You see here 24 stones.
Found 15 stones.
Done exploring.
Done exploring.
Search for what [? for help]? dart You see here 24 stones.
You see here 17 poisoned darts.
g - 17 poisoned darts Done exploring.
Done exploring.
(D) Dungeon
Where to? (Enter - D:1 @ (x,y), ? - help)
There is a stone staircase leading down here.
You climb downwards.
An iguana, a ball python and a quokka come into view.
The ball python hisses angrily.
Found 26 stones.
There is a stone staircase leading up here.
There are monsters nearby!
You grow a pair of large bovine horns.
Your feet morph into talons.
The ball python completely misses you.
You barely miss the ball python. Your kick misses the ball python.
The ball python bites you.
You hit the ball python. You claw the ball python.
You kill the ball python!
You hit the iguana but do no damage. The iguana bites you!
You hit the iguana. You claw the iguana, but do no damage.
You barely miss the iguana.
You headbutt the iguana, but do no damage.
The iguana barely misses you. The quokka bites you.
* * * LOW HITPOINT WARNING * * *
You are too injured to fight recklessly!
You are too injured to fight recklessly!
You are too injured to fight recklessly!
You barely miss the iguana.
Your transformation is almost over.
The iguana bites you.
* * * LOW HITPOINT WARNING * * *
The quokka bites you.
* * * LOW HITPOINT WARNING * * *
You hit the iguana. Your headbutt misses the iguana.
The iguana closely misses you. The quokka barely misses you.
You barely miss the iguana. Your kick misses the iguana. The iguana bites you.
You die...

#. ..# #. #.#
#.##.# ###.....
......## . .#.
.....###...
.....#.........
#(.l@..#
#.....r.......
#..........###
#..........#
#####...####
#...# ....#
....#


You could see an iguana and a quokka.

Vanquished Creatures
  4 bats (D:1)
  2 giant cockroaches (D:1)
  A goblin (D:1)
  A hobgoblin (D:1)
  4 jackals (D:1)
  2 quokkas (D:1)
  5 ball pythons
  2 kobolds (D:1)
21 creatures vanquished.

Vanquished Creatures (others)
  A fungus (D:1)
  3 toadstools (D:1)
4 creatures vanquished.

Grand Total: 25 creatures vanquished

Notes
Turn   | Place    | Note
-------+----------+-------------------------------------------
     0 | D:1      | CovertPenguin the Ogre Transmuter began the quest for the
                  | Orb.
     0 | D:1      | Reached XP level 1. HP: 19/19 MP: 3/3
   288 | D:1      | Reached skill level 3 in Unarmed Combat
   292 | D:1      | Reached XP level 2. HP: 19/27 MP: 3/5
   655 | D:1      | Found a faded altar of an unknown god.
   665 | D:1      | Became a worshipper of Vehumet
   665 | D:1      | Reached * piety under Vehumet
   665 | D:1      | Offered knowledge of Magic Dart by Vehumet.
   678 | D:1      | Fell from the grace of Vehumet
  1076 | D:2      | Slain by an iguana

Illustrated notes

Levels and vault maps discovered:
D:1:      onia_arrival_pyramid, layout_rooms, chequers_ecumenical_altar_simple,
          minmay_gold_behind_fungi
D:2:      layout_loops_cross

Skill      XL: |  1 |
---------------+----+-----
Unarmed Combat | 3 |  3.4
Transmutations | 2 |  2.2
Fighting       | |  1.3
Dodging        | |  1.7
Spellcasting   | |  2.4

Action                   || total
-------------------------++-------
Melee: Unarmed           ||    89
       Kick              ||    10
       Headbutt          ||     5
 Cast: Beastly Appendage ||     9
Invok: Renounce Religion ||     1
Armor: Robe              ||    28
Dodge: Dodged            ||    54

Table legend: (Time is in decaauts)
 A = Elapsed time spent in this place.
 B = Non-inter-level travel time spent in this place.
 C = Inter-level travel time spent in this place.
 D = Time resting spent in this place.
 E = Time spent auto-exploring this place.
 F = Levels seen in this place.
 G = Mean time per level.
                   A        B        C        D        E       F      G
               +--------+--------+--------+--------+--------+-----+--------+
         Total |   1069 |   1036 |     33 |      0 |    854 |   2 |  534.5 |
       Dungeon |   1069 |   1036 |     33 |      0 |    854 |   2 |  534.5 |
               +--------+--------+--------+--------+--------+-----+--------+

Top non-repeatable levels by time:
     D:1: 1061 daAuts
     D:2: 8 daAuts
